 Dungeon Crawl Stone Soup version 0.28.0-53-g5a82cb258f (webtiles) character file.

Game seed: 9118621813774422405

492 Plasmagod the Chopper (level 6, -2/56 HPs)
             Began as a Minotaur Fighter on July 23, 2022.
             Slain by Prince Ribbit (5 damage)
             ... on level 5 of the Dungeon.
             The game lasted 00:05:25 (4215 turns).

Plasmagod the Chopper (Minotaur Fighter)            Turns: 4215, Time: 00:05:25

Health: -2/56      AC:  2    Str: 20    XL:     6   Next: 91%
Magic:  5/5        EV: 12    Int:  5    God:
Gold:   241        SH: 13    Dex: 12    Spells: 5/5 levels left

rFire   . . .      SeeInvis .   a - +0 war axe
rCold   . . .      Faith    .   e - +0 tower shield
rNeg    . . .      Spirit   .   (no armour)
rPois   .          Reflect  .   (helmet restricted)
rElec   .          Harm     .   o - +0 cloak
rCorr   .          Rampage  .   (no gloves)
Will    .....                   g - +0 pair of boots
Stlth   +.........              (no amulet)
HPRegen 0.18/turn               i - +4 ring of evasion
MPRegen 0.09/turn               (no ring)

@: no status effects
A: horns 2, retaliatory headbutt
a: no special abilities


You were on level 5 of the Dungeon.
You visited 1 branch of the dungeon, and saw 5 of its levels.

You collected 241 gold pieces.

Inventory:

Hand Weapons
 a - a +0 war axe (weapon)
 t - a +3 dagger of speed
Armour
 e - a +0 tower shield (worn)
 g - a +0 pair of boots (worn)
 o - a +0 cloak (worn)
 v - the +6 scale mail "Qopoyfun" {rElec SInv}
   (You found it on level 4 of the Dungeon)

   rElec:     It insulates you from electricity.
   SInv:      It lets you see invisible.
Jewellery
 f - a ring of magical power
 i - a +4 ring of evasion (left hand)
Scrolls
 b - a scroll of silence {unknown}
 h - 2 scrolls of teleportation {unknown}
 k - 3 scrolls of identify {unknown}
 l - 2 scrolls of brand weapon {unknown}
 n - 2 scrolls of amnesia {unknown}
 q - a scroll of holy word {unknown}
 r - a scroll of immolation {unknown}
 s - a scroll of torment {unknown}
 w - a scroll of fear {unknown}
 y - a scroll of noise {unknown}
Potions
 c - a potion of flight {unknown}
 d - a potion of might
 j - a potion of resistance {unknown}
 m - a potion of invisibility {unknown}
 p - 2 potions of degeneration {unknown}
 u - a potion of attraction {unknown}
 x - a potion of curing {unknown}


   Skills:
 + Level 5.1 Fighting
 + Level 5.7 Axes
 + Level 4.7 Armour
 + Level 1.6 Dodging
 + Level 0.3 Stealth
 + Level 5.6 Shields


You had 5 spell levels left.
You didn't know any spells.
Your spell library contained the following spells:

 Spells                   Type           Power      Damage    Failure   Level
 Sandblast                Erth           0%         2d4       99%         1
 Passwall                 Tmut/Erth      0%         N/A       100%        2
 Call Canine Familiar     Summ           0%         N/A       100%        3
 Ignite Poison            Fire/Tmut/Pois 0%         N/A       100%        3
 Mephitic Cloud           Conj/Pois/Air  0%         N/A       100%        3
 Portal Projectile        Hex/Tloc       0%         N/A       100%        3
 Stone Arrow              Conj/Erth      0%         3d7       100%        3
 Leda's Liquefaction      Hex/Erth       0%         N/A       100%        4
 Freezing Cloud           Conj/Ice/Air   0%         6-21      100%        5


Dungeon Overview and Level Annotations

Branches:
Dungeon (5/15)
 Temple: D:4-7

Altars:
Kikubaaqudgha

Annotations:
D:5 Prince Ribbit


Innate Abilities, Weirdness & Mutations

You have a pair of horns on your head.
You reflexively headbutt those who attack you in melee.


Message History

a +0 hand axe; a +0 hand axe; an orc skeleton
There is an open door here.
There is an open door here.
There is a stone staircase leading down here.
You climb downwards.
Found an escape hatch in the ceiling.
There is a stone staircase leading up here.
Found 21 stones.
Found 17 stones.
Found a stone staircase leading up.
n - 2 scrolls labelled POAPPI RAITZ (gained 1)
An orc comes into view. It is wielding a +0 club.
You block the orc's attack.
You hit the orc but do no damage. The orc hits you but does no damage.
You slash the orc!
You kill the orc!
No target in view!
Things that are here:
a +0 club; a +0 leather armour
Found 2 poisoned darts.
Found 15 stones.
Found a stone staircase leading down.
No target in view!
Found an escape hatch in the floor.
x - a yellow potion
y - a scroll labelled EPNENAK DEIVYPN Prince Ribbit comes into view.
Prince Ribbit croaks.
Prince Ribbit blinks!
Prince Ribbit hits you!
You barely miss Prince Ribbit. Prince Ribbit closely misses you.
Prince Ribbit hits you!! You block Prince Ribbit's attack.
You barely miss Prince Ribbit. Prince Ribbit hits you!
* * * LOW HITPOINT WARNING * * *
Prince Ribbit closely misses you. You furiously retaliate!
You headbutt Prince Ribbit! Prince Ribbit hits you.
* * * LOW HITPOINT WARNING * * *
Prince Ribbit hits you.
You die...

..## ##...# ##....#
##.##### #.## ##.#
##..## #...F#
##..@#### ###..#.#
##....# #.....##
#......# #..#.##.##
###
......##.###.####.#
.....(###.###..##..#
#...#...(..##.....##


You could see Prince Ribbit.

Vanquished Creatures
  A scorpion (D:3)
  A howler monkey (D:3)
  A jelly (D:4)
  A hound (D:4)
  2 orc priests (D:4)
  Natasha (thrice) (D:2)
  A hound skeleton (D:4)
  A howler monkey skeleton (D:4)
  6 adders
  2 dart slugs (D:1)
  13 orcs
  9 ball pythons
  11 endoplasms
  6 giant cockroaches
  9 goblins
  9 hobgoblins
  6 jackals
  9 kobolds
  4 quokkas
  5 bats
  5 frilled lizards
  5 rats
110 creatures vanquished.

Vanquished Creatures (others)
  2 plants (D:2)
2 creatures vanquished.

Grand Total: 112 creatures vanquished

Notes
Turn   | Place    | Note
-------+----------+-------------------------------------------
     0 | D:1      | Plasmagod the Minotaur Fighter began the quest for the Orb.
     0 | D:1      | Reached XP level 1. HP: 19/19 MP: 0/0
   172 | D:1      | Reached XP level 2. HP: 27/27 MP: 1/1
   423 | D:1      | Reached XP level 3. HP: 33/33 MP: 2/2
   892 | D:2      | Found a faded altar of an unknown god.
  1004 | D:2      | Noticed Natasha
  1010 | D:2      | Killed Natasha
  1012 | D:2      | Reached XP level 4. HP: 15/40 MP: 3/3
  1029 | D:2      | Noticed Natasha
  1036 | D:2      | Killed Natasha
  1827 | D:2      | Noticed Natasha
  1831 | D:2      | Killed Natasha
  1832 | D:2      | Reached skill level 5 in Shields
  1832 | D:2      | Reached XP level 5. HP: 47/47 MP: 4/4
  2174 | D:3      | Reached skill level 1 in Dodging
  2185 | D:3      | Reached skill level 5 in Axes
  2185 | D:3      | Reached XP level 6. HP: 42/53 MP: 5/5
  2719 | D:3      | Found an ancient bone altar of Kikubaaqudgha.
  2934 | D:4      | Identified the +6 scale mail "Qopoyfun" {rElec SInv}
  3025 | D:4      | Reached skill level 5 in Fighting
  3975 | D:5      | Entered Level 5 of the Dungeon
  4204 | D:5      | Noticed Prince Ribbit
  4215 | D:5      | Slain by Prince Ribbit

Illustrated notes

Levels and vault maps discovered:
D:1:      dpeg_arrival_more_subterranean_lakeside_camping, layout_loops_ring,
          chequers_serial_rivers_large_a
D:2:      layout_loops_ring, basic_ecumenical_altar, columned_hall_lemuel,
          dk_noncrumbling_2, minmay_shallow_snake_nest, uniq_natasha
D:3:      minmay_octagon_keep, layout_loops_ring, amcnicky_altar_gilded
D:4:      layout_basic, nicolae_elevator_lobby_plus
D:5:      minmay_bubble_buster, layout_layer_cave, serial_shops,
          nicolae_shop_statue_plus, uniq_blork_the_orc, uniq_prince_ribbit1

Skill      XL: |  1  2  3  4  5  6 |
---------------+-------------------+-----
Shields        | 4 5 |  5.6
Fighting       | 4 5 |  5.1
Axes           | 3 4 5 |  5.7
Armour         | 4 |  4.7
Dodging        | 1 |  1.6
Stealth        | |  0.3

Action                   |  1- 3 |  4- 6 || total
-------------------------+-------+-------++-------
Melee: War axe           |    77 |   159 ||   236
       Headbutt          |     8 |    21 ||    29
Armor: Scale mail        |    51 |    31 ||    82
       Skin              |       |     6 ||     6
Dodge: Dodged            |    31 |    49 ||    80
Block: Tower shield      |    82 |   150 ||   232
